 Dungeon Crawl Stone Soup version 0.21-a0-265-gb353147 (webtiles) character file.

142 tilp the Firebug (level 5, -1/38 HPs)
             Began as a Hill Orc Fire Elementalist on Sept 10, 2017.
             Slain by a goblin
             ... wielding a +2 dagger of freezing
             ... led by Robin
              (2 damage)
             ... on level 3 of the Dungeon.
             The game lasted 00:07:19 (2833 turns).

tilp the Firebug (Hill Orc Fire Elementalist)       Turns: 2833, Time: 00:07:20

Health: -1/38      AC:  3    Str: 11    XL:     5   Next: 25%
Magic:  6/8        EV: 12    Int: 16    God:
Gold:   148        SH:  0    Dex: 11    Spells: 2/8 levels left

rFire    . . .     SeeInvis .   a - +0 short sword
rCold    . . .     Gourm    .   (no shield)
rNeg     . . .     Faith    .   h - +0 robe
rPois    .         Spirit   .   l - +0 helmet
rElec    .         Reflect  .   (no cloak)
rCorr    .         Harm     .   (no gloves)
MR       .....                  (no boots)
Stlth    ++........             (no amulet)
HPRegen  0.12/turn              (no ring)
MPRegen  0.11/turn              (no ring)

@: flying
A: no striking features
a: no special abilities


You were on level 3 of the Dungeon.
You were not hungry.

You visited 1 branch of the dungeon, and saw 3 of its levels.

You collected 148 gold pieces.

Inventory:

Hand Weapons
 a - a +0 short sword (weapon)
Missiles
 f - 58 stones (quivered)
 q - 26 sling bullets
Armour
 h - a +0 robe (worn)
 l - a +0 helmet (worn)
Scrolls
 e - 2 scrolls of identify
 g - a scroll of blinking {unknown}
 i - 2 scrolls of amnesia
 m - a scroll of enchant weapon {unknown}
 o - a scroll of fog {unknown}
 r - a scroll of recharging {unknown}
Potions
 k - a potion of invisibility {unknown}
 n - a potion of heal wounds {unknown}
Books
 b - a book of Flames

   Spells                             Type                      Level
   a - Flame Tongue                   Conjuration/Fire             1
   b - Throw Flame                    Conjuration/Fire             2
   c - Conjure Flame                  Conjuration/Fire             3
   d - Inner Flame                    Hexes/Fire                   3
   e - Sticky Flame                   Conjuration/Fire             4
   f - Fireball                       Conjuration/Fire             5
Comestibles
 c - 5 bread rations
 d - 5 chunks of flesh
 p - 2 royal jellies
 s - a meat ration


   Skills:
 - Level 1.5 Dodging
 - Level 1.5 Stealth
 + Level 2.2 Spellcasting
 * Level 3.6 Conjurations
 * Level 4.2 Fire Magic


You had 2 spell levels left.
You knew the following spells:

 Your Spells              Type           Power        Failure   Level  Hunger
a - Flame Tongue          Conj/Fire      ##...        4%          1    #......
b - Throw Flame           Conj/Fire      ##....       6%          2    ###....
c - Conjure Flame         Conj/Fire      ##......     12%         3    ###....


Dungeon Overview and Level Annotations

Branches:
Dungeon (3/15)

Altars:
Ashenzari
Gozag
Nemelex Xobeh
Yredelemnul

Annotations:
D:3 Robin


Message History

You completely miss the goblin.
The goblin is moderately wounded.
The goblin barely misses you. The goblin hits you.
The goblin completely misses you. The hobgoblin hits you with a club.
You completely miss the goblin.
The goblin is moderately wounded.
The goblin hits you with a dagger of freezing.
* * * LOW HITPOINT WARNING * * *
The goblin freezes you.
* * * LOW HITPOINT WARNING * * *
The goblin misses you. The goblin hits you but does no damage.
The hobgoblin closely misses you.
Okay, then.
It was a potion of flight.
You feel very buoyant.
You fly up into the air.
The goblin hits you with a dagger of freezing.
* * * LOW HITPOINT WARNING * * *
The goblin freezes you.
You die...

#..# #.#
#.#......
#..# #.#
#.......#
#..# #.#
#########
#..# #.# #
#..# #.# ###
#..# #.# #..
#..# #.#
########.#
#gg###
#........#
##.@#..
#.######..
#.gg#.# #.#
#.#l#.# #.#
#.#g#.# g
#.#
#.#.#.##..gg
#.#
#...g.glggg.
..#
#..#####g.g.
### #... .
#...


You could see Robin, a hobgoblin, 4 goblins and a frilled lizard.

Vanquished Creatures
  Jessica (D:3)
  4 adders
  An ooze (D:3)
  3 worms (D:2)
  2 dart slugs
  3 leopard geckos
  An orc (D:3)
  6 bats
  2 giant cockroaches
  5 goblins
  5 hobgoblins
  6 jackals
  3 quokkas (D:2)
  2 ball pythons
  4 frilled lizards
  5 kobolds
  7 rats
60 creatures vanquished.

Notes
Turn   | Place    | Note
-------+----------+-------------------------------------------
     0 | D:1      | tilp the Hill Orc Fire Elementalist began the quest for the Orb.
     0 | D:1      | Reached XP level 1. HP: 14/14 MP: 3/3
   196 | D:1      | Reached XP level 2. HP: 16/20 MP: 0/4
   200 | D:1      | Learned a level 2 spell: Throw Flame
   998 | D:1      | Reached XP level 3. HP: 26/26 MP: 2/5
  1735 | D:2      | Found a shattered altar of Ashenzari.
  1832 | D:2      | Reached XP level 4. HP: 33/33 MP: 5/7
  1846 | D:2      | Learned a level 3 spell: Conjure Flame
  2040 | D:2      | Reached skill level 4 in Fire Magic
  2466 | D:3      | Noticed Jessica
  2493 | D:3      | Killed Jessica
  2493 | D:3      | Reached XP level 5. HP: 38/38 MP: 3/8
  2638 | D:3      | Found a basalt altar of Yredelemnul.
  2673 | D:3      | Found an opulent altar of Gozag.
  2674 | D:3      | Found a sparkling altar of Nemelex Xobeh.
  2817 | D:3      | Noticed Robin
  2833 | D:3      | HP: 1/38 [goblin/dagger of freezing[Robin] (4)]
  2833 | D:3      | Slain by a goblin

Vault maps used:
D:1:      dpeg_arrival_connections
D:2:      first_bread, nicolae_ashenzari_panopticon
D:3:      grunt_temple_overflow_opulence, lemuel_coloured_pillars_altar,
          uniq_jessica, uniq_robin

Skill      XL: |  1  2  3  4 |
---------------+-------------+-----
Conjurations   | 2 3 |  3.6
Spellcasting   | 2 |  2.2
Fire Magic     | 4 |  4.2
Dodging        | |  1.5
Stealth        | |  1.5

Action                   |  1- 3 |  4- 6 || total
-------------------------+-------+-------++-------
Melee: Unarmed           |     4 |       ||     4
       Club              |    13 |       ||    13
       Short sword       |    49 |    75 ||   124
Throw: Stone             |    14 |       ||    14
 Cast: Flame Tongue      |    47 |    21 ||    68
       Throw Flame       |       |     3 ||     3
  Use: Scroll            |       |     2 ||     2
       Potion            |       |     1 ||     1
 Stab: Sleeping          |     1 |     2 ||     3
  Eat: Chunk             |     4 |     4 ||     8
Armor: Robe              |    26 |    24 ||    50
Dodge: Dodged            |    55 |    57 ||   112

Table legend:
 A = Spawn XP
 B = Non-spawn XP
 C = Spawn XP percentage of total XP
 D = Spawn monster count
 E = Non-spawn monster count
 F = Spawn count percentage of total count
 G = Total turns spent on level
                    A         B        C        D         E        F      G
               +---------+---------+-------+---------+---------+-------+---------
         Total |       0 |     204 |   0.0 |       0 |      60 |   0.0 |  2833
               +---------+---------+-------+---------+---------+-------+---------
           D:1 |       0 |      36 |   0.0 |       0 |      22 |   0.0 |  1107
           D:2 |       0 |      83 |   0.0 |       0 |      21 |   0.0 |  1285
           D:3 |       0 |      85 |   0.0 |       0 |      17 |   0.0 |   441
               +---------+---------+-------+---------+---------+-------+---------
